 Dungeon Crawl Stone Soup version 0.25.1-4-g9407a263a5 (webtiles) character file.

Game seed: 10178096936832084178

1458 Gabide the Spear-Bearer (level 9, 0/64 HPs)
             Began as a Human Gladiator on Nov 27, 2020.
             Was a Priest of Nemelex Xobeh.
             Slain by a manticore (11 damage)
             ... on level 6 of the Dungeon.
             The game lasted 00:18:41 (6299 turns).

Gabide the Spear-Bearer (Human Gladiator)           Turns: 6299, Time: 00:18:42

Health: 0/64       AC: 12    Str: 16    XL:     9   Next: 5%
Magic:  9/9        EV: 13    Int: 22    God:    Nemelex Xobeh [***...]
Gold:   251        SH:  0    Dex: 15    Spells: 8/8 levels left

rFire    . . .     SeeInvis .   r - +2 glaive (flame)
rCold    . . .     Gourm    .   (shield currently unavailable)
rNeg     . . .     Faith    +   l - +1 ring mail
rPois    .         Spirit   .   m - +2 helmet
rElec    .         Reflect  .   (no cloak)
rCorr    .         Harm     .   (no gloves)
MR       .....                  h - +1 pair of boots
Stlth    +.........             g - amulet of faith
HPRegen  0.20/turn              o - +6 ring of intelligence
MPRegen  0.11/turn              b - +6 ring of intelligence

@: barbed spikes, studying Slings
A: no striking features
a: Draw Escape, Draw Destruction, Draw Summoning, Triple Draw, Renounce Religion


You were on level 6 of the Dungeon.
You worshipped Nemelex Xobeh.
Nemelex Xobeh was most pleased with you.
You were not hungry.

You visited 1 branch of the dungeon, and saw 6 of its levels.

You collected 251 gold pieces.

Inventory:

Hand Weapons
 e - a +2 trident of pain
 r - a +2 glaive of flaming (weapon)
Missiles
 j - 132 stones (quivered)
Armour
 h - a +1 pair of boots (worn)
 l - a +1 ring mail (worn)
 m - a +2 helmet (worn)
Jewellery
 b - a +6 ring of intelligence (right hand)
 g - an amulet of faith (around neck)
 o - a +6 ring of intelligence (left hand)
Wands
 d - a wand of random effects (21)
Scrolls
 k - 2 scrolls of identify
 p - 5 scrolls of remove curse
Potions
 a - a potion of brilliance
 i - a potion of flight
 n - 2 potions of magic
Books
 c - a manual of Slings
Comestibles
 f - 9 rations


   Skills:
 + Level 3.6 Fighting
 * Level 8.8 Polearms
 - Level 2.0 Throwing
 + Level 4.3 Armour
 + Level 4.4 Dodging
 - Level 0.2 Stealth
 + Level 0.6 Evocations


You had 8 spell levels left.
You didn't know any spells.
Your spell library was empty.

Dungeon Overview and Level Annotations

Branches:
Dungeon (6/15)
 Temple: D:4-7

Altars:
Kikubaaqudgha
Nemelex Xobeh
Okawaru
Qazlal
Sif Muna
Uskayaw
Vehumet
Wu Jian


Message History

The ice beast is almost dead.
The ice beast hits you but does no damage.
You slash the ice beast!
You melt the ice beast.
You kill the ice beast!
You have reached level 9!
Your experience leads to an increase in your attributes!
Your base attributes are Str 15, Int 10, Dex 15.
Increase (S)trength, (I)ntelligence, or (D)exterity?
You feel stronger.
Attack whom?
Press: ? - help, Dir - move target cursor, f - manticore
Aim: a manticore You reach to attack!
You hit the manticore. You burn the manticore.
The manticore is lightly wounded.
The manticore misses you. The manticore closely misses you. x2
You slash the manticore! You burn the manticore.
The manticore is moderately wounded.
The manticore bites you!
You die...
Your body glows with a rainbow of weird colours and disappears.

..............
............. ..
.............#...
...........#..#..
#.........#...#.
#.......$....#...
#..........#...#.
##....@...........
#......H......#...
#.?##.........#...
........<....#$..#.
.............#...#
#..............#...
..#................
..##.........#...#.
#...##.....#...#


You could see a manticore.

Vanquished Creatures
  Menkaure (D:5)
  An ice beast (D:6)
  A sky beast (D:5)
  3 ogres (D:5)
  A centaur (D:5)
  A big kobold (D:5)
  Blork the orc (D:5)
  2 jellies (D:5)
  3 orc priests (D:4)
  A bullfrog skeleton (D:4)
  3 orc wizards
  Jessica (D:2)
  4 worker ants (D:4)
  A gnoll (D:5)
  6 adders
  2 oozes
  An adder zombie (D:5)
  2 worms (D:2)
  2 dart slugs
  5 leopard geckos
  15 orcs
  A ball python (D:3)
  7 bats
  4 giant cockroaches
  12 goblins
  13 hobgoblins
  2 quokkas (D:3)
  3 frilled lizards
  7 kobolds
  A leopard gecko skeleton (D:3)
  A quokka skeleton (D:4)
  7 rats
115 creatures vanquished.

Vanquished Creatures (collateral kills)
  An ogre (D:4)
  A bullfrog (D:4)
  A hound (D:4)
  Robin (D:2)
  6 goblins (D:2)
  3 hobgoblins (D:2)
  3 jackals (D:2)
16 creatures vanquished.

Grand Total: 131 creatures vanquished

Notes
Turn   | Place    | Note
-------+----------+-------------------------------------------
     0 | D:1      | Gabide the Human Gladiator began the quest for the Orb.
     0 | D:1      | Reached XP level 1. HP: 16/16 MP: 1/1
    26 | D:1      | Reached XP level 2. HP: 7/22 MP: 2/2
   448 | D:1      | Reached XP level 3. HP: 27/27 MP: 3/3
   908 | D:2      | Reached skill level 4 in Polearms
   920 | D:2      | Found a sparkling altar of Nemelex Xobeh.
   927 | D:2      | Reached XP level 4. HP: 33/33 MP: 4/4
   932 | D:2      | Noticed Jessica
   947 | D:2      | Killed Jessica
  1201 | D:2      | Became a worshipper of Nemelex Xobeh the Trickster
  1311 | D:2      | Received a gift from Nemelex Xobeh
  1355 | D:2      | Noticed Robin
  1374 | D:2      | Killed Robin
  1374 | D:2      | Reached XP level 5. HP: 11/39 MP: 5/5
  1980 | D:2      | Found a radiant altar of Vehumet.
  1980 | D:2      | Found a shimmering blue altar of Sif Muna.
  2199 | D:3      | Reached * piety under Nemelex Xobeh
  2201 | D:3      | Received a gift from Nemelex Xobeh
  2316 | D:3      | Found a hide-covered altar of Uskayaw.
  2326 | D:3      | Reached skill level 5 in Polearms
  2331 | D:3      | Received a gift from Nemelex Xobeh
  2406 | D:3      | Reached ** piety under Nemelex Xobeh
  2768 | D:3      | Received a gift from Nemelex Xobeh
  2801 | D:3      | Reached XP level 6. HP: 21/46 MP: 6/6
  3256 | D:4      | Reached skill level 1 in Armour
  3434 | D:4      | Noticed an ogre
  3457 | D:4      | Reached skill level 6 in Polearms
  3462 | D:4      | Reached XP level 7. HP: 11/51 MP: 7/7
  3779 | D:4      | Found a sand-covered staircase.
  4286 | D:4      | Noticed a water elemental
  4289 | D:4      | Found a stormy altar of Qazlal.
  4322 | D:4      | Noticed an air elemental
  4322 | D:4      | Noticed a fire elemental
  4458 | D:4      | Received a gift from Nemelex Xobeh
  4460 | D:4      | Found an iron altar of Okawaru.
  4598 | D:4      | Found an ancient bone altar of Kikubaaqudgha.
  4809 | D:4      | Reached *** piety under Nemelex Xobeh
  5060 | D:5      | Entered Level 5 of the Dungeon
  5078 | D:5      | Received a gift from Nemelex Xobeh
  5083 | D:5      | Noticed Menkaure
  5094 | D:5      | Killed Menkaure
  5094 | D:5      | Reached skill level 7 in Polearms
  5094 | D:5      | Reached XP level 8. HP: 58/58 MP: 8/8
  5539 | D:5      | Reached skill level 8 in Polearms
  5686 | D:5      | Received a gift from Nemelex Xobeh
  5736 | D:5      | Noticed Blork the orc
  5749 | D:5      | Killed Blork the orc
  5750 | D:5      | Found an ornate altar of the Wu Jian Council.
  5996 | D:6      | Noticed a manticore
  6297 | D:6      | Reached XP level 9. HP: 11/64 MP: 9/9
  6299 | D:6      | Slain by a manticore

Illustrated notes

Levels and vault maps discovered:
D:1:      wander_arrival_chamber, layout_rooms, minivault_27,
          minmay_pentomino_s2
D:2:      layout_loops_ring, amethyst_overflow_temple_binary,
          old_standard_altar, uniq_robin, uniq_jessica
D:3:      layout_basic, nicolae_overflow_crystal_walls
D:4:      layout_layer_cave, nicolae_qazlal_style_of_elements,
          kennysheep_okawaru_gauntlet, lemuel_doored_altar,
          lightli_ossuary_entry_decrepit_ruins
D:5:      layout_rooms, lemuel_coloured_pillars_altar, first_ration,
          nrook_pool_corridor, minmay_manual_mail, uniq_blork_the_orc,
          uniq_menkaure
D:6:      cheibrodos_fzero, layout_cave_pools, kennysheep_ying_yang,
          minmay_misc_feat_chi

Skill      XL: |  1  2  3  4  5  6  7  8 |
---------------+-------------------------+-----
Polearms       | 4 5 6 7 8 |  8.8
Armour         | 1 3 4 |  4.3
Dodging        | 4 |  4.4
Fighting       | 3 |  3.6
Throwing       | |  2.0
Stealth        | |  0.2
Evocations     | |  0.6

Action                   |  1- 3 |  4- 6 |  7- 9 || total
-------------------------+-------+-------+-------++-------
Melee: Trident           |    85 |   231 |   129 ||   445
       Glaive            |       |       |    27 ||    27
Throw: Throwing net      |     1 |     3 |       ||     4
       Stone             |       |       |    36 ||    36
Invok: Draw Destruction  |       |     3 |     1 ||     4
       Draw Summoning    |       |     2 |     1 ||     3
Evoke: Wand              |       |       |     2 ||     2
  Use: Scroll            |     1 |     9 |     4 ||    14
       Potion            |       |     3 |     6 ||     9
 Stab: Sleeping          |       |     2 |       ||     2
  Eat: Chunk             |       |     8 |     3 ||    11
       Ration            |       |       |     2 ||     2
Armor: Leather armour    |    22 |    20 |       ||    42
       Ring mail         |       |    51 |    65 ||   116
Dodge: Dodged            |    66 |   133 |    74 ||   273
